 Dungeon Crawl Stone Soup version 0.17.0-55-g1383181 (webtiles) character file.

122 Vayl the Chiller (level 4, -4/34 HPs)
             Began as a Demigod Ice Elementalist on Dec 4, 2015.
             Slain by an orc
             ... wielding a +2 trident of piercing
              (6 damage)
             ... on level 3 of the Dungeon.
             The game lasted 00:23:57 (1970 turns).

Vayl the Chiller (Demigod Ice Elementalist)         Turns: 1970, Time: 00:23:57

Health: -4/34      AC:  7    Str: 11    XL:     4   Next: 50%
Magic:  0/10       EV: 12    Int: 21    God:
Gold:   136        SH:  4    Dex: 16    Spells: 2 memorised, 5 levels left

rFire  . . .     SeeInvis .     x - +1 rapier
rCold  . . .     Clarity  .     A - +0 ring mail
rNeg   . . .     SustAt   +     p - +0 buckler
rPois  .         Gourm    .     q - +0 helmet
rElec  .         Spirit   .     e - +0 cloak
rCorr  .         Warding  .     (no gloves)
rMut   .         Stasis   .     (no boots)
MR     +....                    (no amulet)
Stlth  +.........               h - +2 ring of evasion
                                v - ring of protection from magic

@: very slightly contaminated, somewhat resistant to hostile enchantments, very
unstealthy
A: high mp 1, sustain attributes
a: no special abilities


You were on level 3 of the Dungeon.
You were not hungry.

You visited 1 branch of the dungeon, and saw 3 of its levels.

You collected 136 gold pieces.

Inventory:

Hand Weapons
 w - a +0 long sword
 x - a +1 rapier (weapon)
Missiles
 f - 42 sling bullets
 i - 85 stones (quivered)
 l - 3 tomahawks
Armour
 a - a +0 robe
 e - a +0 cloak (worn)
 k - a +0 buckler
 p - a +0 buckler (worn)
 q - a +0 helmet (worn)
 u - a +0 robe
 A - a +0 ring mail (worn)
 B - a +0 robe
Jewellery
 d - an uncursed ring of sustain attributes
 h - a +2 ring of evasion (right hand)
 v - a ring of protection from magic (left hand)
Scrolls
 m - a scroll of teleportation {unknown}
 n - a scroll of recharging {unknown}
 r - a scroll of immolation {unknown}
 s - a scroll of remove curse {unknown}
 y - a scroll of blinking
Potions
 g - a potion of flight
 t - a potion of cancellation
Books
 b - a book of Frost

   Spells                             Type                      Level
   a - Freeze                         Ice                          1
   b - Throw Frost                    Conjuration/Ice              2
   c - Ozocubu's Armour               Charms/Ice                   3
   d - Throw Icicle                   Conjuration/Ice              4
   e - Summon Ice Beast               Ice/Summoning                4
   f - Condensation Shield            Ice                          4
Comestibles
 c - 4 bread rations
 z - a chunk of flesh


   Skills:
 + Level 0.5 Fighting
 + Level 0.1(0.2) Short Blades
 + Level 0.1(0.2) Long Blades
   Level 0.1 Polearms
 + Level 2.4 Dodging
 + Level 2.1 Stealth
 + Level 0.1 Shields
 + Level 2.5 Spellcasting
 + Level 1.0 Conjurations
 + Level 3.7 Ice Magic


You had 5 spell levels left.
You knew the following spells:

 Your Spells              Type           Power        Failure   Level  Hunger
a - Freeze                Ice            ###.         14%         1    None
b - Throw Frost           Conj/Ice       ##....       34%         2    ##.....


Dungeon Overview and Level Annotations

Branches:
Dungeon (3/15)

Annotations:
D:3 Grinder


Innate Abilities, Weirdness & Mutations

You have an increased reservoir of magic (+10% MP).
Your attributes are resistant to harm.


Message History

Casting: Freeze
Confirm with . or Enter, or press ? or * to list all spells.
Aiming: Freeze
Press: ? - help, Shift-Dir - straight line, f/p - orc
Aim: an orc, wielding a club and wearing a leather armour (heavily wounded)
You freeze the orc.
The orc is almost dead.
You block the orc's attack.
You closely miss the orc.
The orc is almost dead.
The orc misses you.
Grinder gestures.
Grinder blinks!
The orc hits you from afar with a trident of piercing.
* * * LOW HITPOINT WARNING * * *
x2 You block the orc's attack.
You hit the orc.
You kill the orc!
The orc hits you from afar with a trident of piercing.
You die...

.....................><#
...###.......#.#..###....
.. #..........#..##....
.......#5##.....##.#...#.
......##.##.(#...#....##.
.##### #ยง###(.....#.###
#o# ##(.)....## #)##
##.......##
##@.####..).....##
##........##......##
...#####..#..#####..###..#.
.........###.# ###.## #....
..######## #.# #...# ###..
#.###...# #.. #.......# ##.
#............# ##
#.########...#


You could see Grinder and an orc.

Vanquished Creatures
  5 adders
  4 worms (D:2)
  2 giant geckos
  4 orcs (D:3)
  6 bats
  8 giant cockroaches
  7 goblins
  6 hobgoblins
  6 jackals
  5 kobolds
  A ball python (D:1)
  3 giant newts
  3 rats (D:2)
60 creatures vanquished.

Notes
Turn   | Place    | Note
--------------------------------------------------------------
     0 | D:1      | Vayl the Demigod Ice Elementalist began the quest for the Orb.
     0 | D:1      | Reached XP level 1. HP: 14/14 MP: 5/5
   144 | D:1      | Reached skill level 3 in Ice Magic
   210 | D:1      | Reached XP level 2. HP: 14/20 MP: 7/7
   649 | D:2      | Learned a level 2 spell: Throw Frost
   680 | D:2      | Reached XP level 3. HP: 26/26 MP: 2/8
  1619 | D:2      | Found a sacrificial altar of Ru.
  1628 | D:2      | Reached XP level 4. HP: 34/34 MP: 8/10
  1630 | D:2      | Reached skill level 1 in Conjurations
  1908 | D:3      | Noticed Grinder
  1970 | D:3      | Slain by an orc

Action                   |  1- 3 |  4- 6 || total
-------------------------+-------+-------++-------
Melee: Unarmed           |    15 |       ||    15
       Short sword       |    17 |       ||    17
       Mace              |    13 |       ||    13
       Trident           |    44 |       ||    44
       Rapier            |       |    23 ||    23
       Long sword        |       |     7 ||     7
Throw: Stone             |     5 |       ||     5
 Cast: Freeze            |    35 |    17 ||    52
       Throw Frost       |    19 |     4 ||    23
  Use: Scroll            |     2 |     4 ||     6
       Potion            |     1 |       ||     1
 Stab: Sleeping          |     1 |       ||     1
  Eat: Chunk             |     4 |       ||     4
       Meat ration       |       |     1 ||     1
